 Dungeon Crawl Stone Soup version 0.31.0-1-g2c135a008e (webtiles) character file.

Game seed: 9918848994236567848

50 qw the Shooter (level 4, 0/34 HPs)
             Began as a Djinni Hunter on Jan 23, 2024.
             Slain by a goblin
             ... wielding a +0 club
             ... led by Robin
              (3 damage)
             ... on level 3 of the Dungeon.
             The game lasted 00:00:03 (586 turns).

qw the Shooter (Djinni Hunter)                       Turns: 586, Time: 00:00:04

Health: 0/34       AC:  5    Str: 10    XL:     4   Next: 4%
Gold:   11         EV: 11    Int: 11    God:
                   SH:  0    Dex: 18

rFire   + + .        a - +0 shortbow (flame)
rCold   x . .        (shield currently unavailable)
rNeg    . . .        f - +0 ring mail
rPois   inf          (no helmet)
rElec   .            (no cloak)
rCorr   .            (no gloves)
SInv    +            (boots unavailable)
Will    .....        (no amulet)
Stlth   +            e - ring of see invisible
HPRegen 0.25/turn    (no ring)
MPRegen 0.00/turn

%: infuse magic (-1 HP)
@: flying
A: sickness immunity, fire resistance 2, cold vulnerability 1, float, innate
caster, HP casting, extra vitality 1
a: no special abilities


You were on level 3 of the Dungeon.
You visited 1 branch of the dungeon, and saw 3 of its levels.

You collected 11 gold pieces.


Innate Abilities, Weirdness & Mutations

You are immune to sickness and miasma.
You are immune to poison.
Your flesh is very heat resistant. (rF++)
You are vulnerable to cold. (rC-)
You float through the air rather than walking.
You learn spells naturally, not from books.
Your magical power is your life essence.
You have superior vitality. (+4 MHP)


   Skills:
 + Level 2.6 Fighting
 - Level 4.0 Ranged Weapons
 - Level 1.0 Armour
 - Level 2.1 Dodging
 - Level 0.7 Stealth


You knew the following spells:

 Your Spells              Type           Power      Damage    Failure   Level
a - Foxfire               Conj/Fire      0%         2x1d4     65%         1
Your spell library was empty.

Inventory:

Hand Weapons
 a - a +0 shortbow of flaming (weapon)
Armour
 f - a +0 ring mail (worn)
Jewellery
 e - a ring of see invisible (left hand)
Scrolls
 b - a scroll of immolation {unknown}
Potions
 c - a potion of degeneration {unknown}
 g - 2 potions of haste

Dungeon Overview and Level Annotations

Branches:
Dungeon (2/15)

Altars:

Annotations:
D:3 Robin


Message History

The goblin hits you with a +0 dagger.
The hobgoblin hits you but does no damage.
The goblin hits you with a +0 dagger. Robin misses you.
You shoot an arrow. The arrow hits the hobgoblin.
The arrow burns the hobgoblin.
You kill the hobgoblin!
Robin throws the goblin at you! The goblin closely misses you.
The goblin hits you with a +0 dagger.
You shoot an arrow. The arrow hits the sleepcap.
The arrow burns the sleepcap.
The sleepcap is moderately damaged.
Robin closely misses you. The sleepcap barely misses you.
The goblin misses you. The goblin hits you with a +0 dagger.
You shoot an arrow. The arrow hits the sleepcap.
The arrow burns the sleepcap.
The sleepcap is severely damaged.
Robin hits you from afar with a +0 spear.
The goblin hits you but does no damage. x2; The sleepcap releases spores at you.
Robin hits you from afar with a +0 spear.
The goblin closely misses you. The sleepcap misses you.
The goblin hits you but does no damage.
You shoot an arrow. The arrow hits the sleepcap.
The arrow burns the sleepcap.
The sleepcap is severely damaged.
Robin hits you from afar with a +0 spear.
The sleepcap releases spores at you! The goblin misses you.
The goblin hits you with a +0 dagger.
You shoot an arrow. The arrow hits the sleepcap.
The arrow burns the sleepcap.
The sleepcap is almost destroyed.
Robin hits you from afar with a +0 spear.
The sleepcap barely misses you. The goblin completely misses you.
The goblin barely misses you.
You shoot an arrow.
The arrow hits the sleepcap but does no damage.
The sleepcap is almost destroyed.
Robin barely misses you. The goblin hits you but does no damage.
The goblin closely misses you.
The sleepcap releases spores at you but does no damage.
Robin closely misses you. The goblin hits you but does no damage.
The sleepcap closely misses you. The goblin hits you but does no damage.
You shoot an arrow. The arrow hits the sleepcap!
The arrow burns the sleepcap.
You destroy the sleepcap!
Robin closely misses you. The goblin hits you with a +0 club.
You die...

.# .)# #.##.#
#?##.######
#.)#......#
#g........#
########)##......#
.......@)##......#
##....g.g.#......#
..........'......+
##........#......#
#[.......#).....#
########.#......#
#.#.##.###
###..#.####
##......#


You could see Robin and 2 goblins.

Vanquished Creatures
  A sleepcap (D:3)
  A gnoll (D:1)
  An orc (D:3)
  6 bats
  3 endoplasms (D:1)
  7 goblins
  7 hobgoblins
  3 kobolds
  A quokka (D:1)
  2 ball pythons (D:1)
  2 frilled lizards (D:1)
  5 rats (D:1)
39 creatures vanquished.

Notes
Turn   | Place    | Note
-------+----------+-------------------------------------------
     0 | D:1      | qw the Djinni Hunter began the quest for the Orb.
     0 | D:1      | Reached XP level 1. HP: 18/18 MP: 0/0
     0 | D:1      | 0 ||| qw: Version: 0.3-a-134-g2ba4250
     0 | D:1      | 0 ||| qw: Game counter: 674
     0 | D:1      | 0 ||| qw: Melee chars always use a shield: true
     0 | D:1      | 0 ||| qw: God list: Okawaru
     0 | D:1      | 0 ||| qw: Allow faded altars: false
     0 | D:1      | 0 ||| qw: Do Orc after clearing Dungeon:15 true
     0 | D:1      | 0 ||| qw: Do second Lair branch before Depths: true
     0 | D:1      | 0 ||| qw: Lair rune preference: random
     0 | D:1      | 0 ||| qw: Goals: Normal
     0 | D:1      | 0 ||| PLANNING D:1-11
    72 | D:1      | Reached XP level 2. HP: 21/23 MP: 0/0
   123 | D:1      | Reached skill level 4 in Ranged Weapons
   123 | D:1      | Reached XP level 3. HP: 28/28 MP: 0/0
   123 | D:1      | Learned a level 1 spell: Foxfire
   195 | D:1      | Found a faded altar of an unknown god.
   443 | D:1      | 443 ||| UPGRADING to +0 ring mail.
   453 | D:1      | 453 ||| DROPPING +0 leather armour.
   454 | D:1      | 454 ||| UPGRADING to ring of see invisible.
   455 | D:1      | 455 ||| READING scroll labelled USEMUI JAREI.
   456 | D:1      | 456 ||| READING scroll labelled LYUBRI EBBEGO.
   459 | D:1      | 459 ||| READING scroll labelled FEFRIRIRIG.
   459 | D:1      | 459 ||| IDENTIFYING 2 bubbling brown potions
   460 | D:1      | 460 ||| READING scroll labelled JISOEL TOUXKAU.
   460 | D:1      | 460 ||| BRANDING +0 shortbow.
   461 | D:1      | 461 ||| DROPPING scroll of butterflies.
   494 | D:2      | You are sucked into a shaft and drop 1 floor!
   569 | D:3      | Reached skill level 1 in Armour
   572 | D:3      | Noticed Robin
   573 | D:3      | Reached XP level 4. HP: 33/34 MP: 0/0
   583 | D:3      | HP: 5/34 [goblin/+0 dagger[Robin] (5)]
   586 | D:3      | Slain by a goblin

Levels and vault maps discovered:
D:1:      erik_arrival_blinker_ship, layout_rooms, basic_ecumenical_altar
D:2:      layout_basic
D:3:      layout_basic, fedhas_altar_4, uniq_jessica, uniq_sigmund, uniq_robin

Skill      XL: |  1  2  3 |
---------------+----------+-----
Ranged Weapons | 4 |  4.0
Armour         | 1 |  1.0
Fighting       | |  2.6
Dodging        | |  2.1
Stealth        | |  0.7

Action                     |  1- 3 |  4- 6 || total
---------------------------+-------+-------++-------
   Fire: Shortbow          |   115 |    14 ||   129
    Use: Scroll            |     4 |       ||     4
 Armour: Leather armour    |    29 |       ||    29
         Ring mail         |     2 |    26 ||    28
  Dodge: Dodged            |    50 |    20 ||    70

Table legend:
 A = Non-vault XP
 B = Vault XP
 C = Vault XP percentage of total XP
 D = Non-vault monster count
 E = Vault monster count
 F = Vault count percentage of total count
                 A         B        C        D         E       F
            +---------+---------+-------+---------+---------+-------
      Total |      95 |      16 |  14.4 |      31 |       8 |  20.5
            +---------+---------+-------+---------+---------+-------
        D:1 |      49 |       0 |   0.0 |      26 |       0 |   0.0
        D:2 |       3 |       0 |   0.0 |       2 |       0 |   0.0
        D:3 |      43 |      16 |  27.1 |       3 |       8 |  72.7
            +---------+---------+-------+---------+---------+-------
